 Dungeon Crawl Stone Soup version 0.26.1-2-gb8aa6d0cf2 (webtiles) character file.

Game seed: 9244840512460529349

2581 Elvor the Cleaver (level 9, -3/78 HPs)
             Began as a Deep Dwarf Fighter on Mar 19, 2021.
             Was a Follower of Makhleb.
             Killed by divine providence
             ... invoked by an orc priest
              (11 damage)
             ... on level 6 of the Dungeon.
             The game lasted 00:50:28 (6150 turns).

Elvor the Cleaver (Deep Dwarf Fighter)              Turns: 6150, Time: 00:50:29

Health: -3/78      AC: 12    Str: 23    XL:     9   Next: 32%
Magic:  6/6        EV:  8    Int: 12    God:    Makhleb [*.....]
Gold:   293        SH: 10    Dex: 12    Spells: 8/8 levels left

rFire    . . .     SeeInvis .   a - +0 war axe
rCold    . . .     Faith    .   c - +0 kite shield
rNeg     . . .     Spirit   .   D - +0 chain mail of Autotheism {Int+3} (curse)
rPois    +         Reflect  .   (no helmet)
rElec    .         Harm     .   w - +0 cloak
rCorr    .         Rampage  .   (no gloves)
Will     +....                  l - +0 pair of boots
Stlth    ..........             (no amulet)
HPRegen  0.00/turn              y - ring of poison resistance
MPRegen  0.10/turn              (no ring)

@: non-regenerating
A: damage resistance, heal wounds, sense surroundings 2, no regeneration
a: Heal Wounds, Renounce Religion


You were on level 6 of the Dungeon.
You worshipped Makhleb.
Makhleb was aware of your devotion.
You visited 2 branches of the dungeon, and saw 7 of its levels.
You also visited: Sewer.

You collected 321 gold pieces.
You spent 28 gold pieces at shops.

Inventory:

Hand Weapons
 a - a +0 war axe (weapon)
 u - a +0 hunting sling
 B - a +4 battleaxe
Missiles
 h - 125 stones
 k - a poisoned dart
 q - 20 sling bullets
 v - 2 datura-tipped darts (quivered)
Armour
 b - a cursed +0 buckler
 c - a +0 kite shield (worn)
 l - a +0 pair of boots (worn)
 w - a +0 cloak (worn)
 D - the cursed +0 chain mail of Autotheism (worn) {Int+3}
   (You found it in a sewer)

   It affects your intelligence (+3).
   It has a curse placed upon it.
Jewellery
 y - a ring of poison resistance (left hand)
Wands
 z - a wand of flame (8)
Scrolls
 f - 2 scrolls of teleportation {unknown}
 i - a scroll of identify
 m - 3 scrolls of blinking
 n - 4 scrolls of remove curse
 o - 2 scrolls of amnesia {unknown}
 r - 2 scrolls of enchant armour {unknown}
 t - 2 scrolls of fog {unknown}
Potions
 d - 2 potions of might
 e - 3 potions of curing
 g - 2 potions of attraction
 p - a potion of heal wounds {unknown}
 s - 3 potions of haste
 x - a potion of lignification {unknown}
 A - a potion of degeneration {unknown}
Miscellaneous
 C - a phantom mirror


   Skills:
 + Level 4.3 Fighting
 * Level 10.7 Axes
 + Level 1.6 Throwing
 + Level 5.8 Armour
 + Level 3.4 Dodging
 + Level 5.6 Shields
 + Level 0.8 Evocations


You had 8 spell levels left.
You didn't know any spells.
Your spell library contained the following spells:

 Spells                   Type           Power        Failure   Level
 Bolt of Magma            Conj/Fire/Erth 0%           100%        5
 Iskenderun's Battlesphe  Conj           0%           100%        5
 Iron Shot                Conj/Erth      0%           100%        6
 Orb of Destruction       Conj           0%           100%        7
 Spellforged Servitor     Conj/Summ      0%           100%        7


Dungeon Overview and Level Annotations

Branches:
Dungeon (6/15)             Temple (1/1) D:5           Sewer (visited)

Altars:
Ashenzari
Cheibriados
Dithmenos
Elyvilon
Fedhas
Gozag
Hepliaklqana
Kikubaaqudgha
Makhleb
Nemelex Xobeh
Okawaru
Qazlal
Ru
Sif Muna
Trog
Uskayaw
Vehumet
Xom
Yredelemnul

Shops:
D:6 *


Innate Abilities, Weirdness & Mutations

You are resistant to damage.
You can heal yourself by infusing magical energy.
You passively map the area around you.
You do not regenerate.


Message History

An orc comes into view. It is wielding a +0 mace.
The orc shouts!
An orc comes into view.
An orc wizard comes into view. It is wielding a +0 dagger.
The orc shouts!
An orc comes into view. It is wielding a +0 short sword.
The orc shouts!
The orc wizard gestures at itself while chanting.
The orc wizard flickers and vanishes!
Deactivating autopickup; reactivate with Ctrl-A.
An orc priest comes into view.
It is wielding a +0 trident of freezing.
The orc priest shouts!
The orc hits you but does no damage.
You slash the orc!
You kill the orc!
Makhleb accepts your kill.
You fail to use your ability.
The orc priest mumbles some strange prayers to Beogh against you.
Beogh smites you!
You die...

,**,,**,** ***,,,***
,*,,,*,,,*##....,..*
,,,,,,,,,,,.....,..*
**,,,*,,,***..o.,..*
**,****** **...,.#*
*,* #...,.# *,*
#.#o*.# ##+##
#.#o#.# ##...##
#.#.@.# #...).##
#.##..# .......##
##.##..#
........####...#..#
........'.........#
........####...#.##
.......## ##.##.#
#.....## ####.#
##...## #.#


You could see an orc priest and 2 orcs.

Vanquished Creatures
  Pikel (D:5)
  Grinder (D:3)
  A water moccasin (D:5)
  A phantom (D:6)
  An ice beast (D:5)
  2 sky beasts (D:5)
  4 ogres
  A lemure (D:5)
  2 bullfrogs (Sewer)
  A scorpion (D:5)
  2 centaur zombies (D:5)
  3 jellies
  An orc priest (D:3)
  2 hounds (D:4)
  3 orc wizards
  Crazy Yiuf (D:3)
  A centaur skeleton (D:4)
  Jessica (D:3)
  Natasha (thrice) (D:3)
  3 worker ants
  2 hound skeletons (D:4)
  6 gnolls
  19 adders
  2 shadow imps (D:5)
  A white imp (D:6)
  2 oozes
  An adder zombie (D:6)
  2 worms
  A dart slug (D:1)
  5 leopard geckos
  7 orcs
  4 ball pythons
  7 bats
  14 giant cockroaches
  10 goblins
  7 hobgoblins
  4 jackals (D:4)
  12 kobolds
  2 quokkas
  6 frilled lizards
  10 rats
159 creatures vanquished.

Vanquished Creatures (others)
  A fungus (D:3)
1 creature vanquished.

Grand Total: 160 creatures vanquished

Notes
Turn   | Place    | Note
-------+----------+-------------------------------------------
     0 | D:1      | Elvor the Deep Dwarf Fighter began the quest for the Orb.
     0 | D:1      | Reached XP level 1. HP: 20/20 MP: 1/1
   155 | D:1      | Reached XP level 2. HP: 27/27 MP: 2/2
   764 | D:1      | Reached XP level 3. HP: 28/33 MP: 3/3
   880 | D:2      | Reached skill level 3 in Axes
  1131 | D:2      | Reached XP level 4. HP: 34/42 MP: 4/4
  1230 | D:2      | Found a snail-covered altar of Cheibriados.
  1634 | D:2      | Reached skill level 4 in Axes
  1799 | D:3      | Noticed Natasha
  1811 | D:3      | Killed Natasha
  1829 | D:3      | Noticed Grinder
  1835 | D:3      | Paralysed by Grinder for 3 turns
  1847 | D:3      | Paralysed by Grinder for 4 turns
  1854 | D:3      | Paralysed by Grinder for 6 turns
  1884 | D:3      | Killed Grinder
  1885 | D:3      | Reached skill level 5 in Axes
  1885 | D:3      | Reached skill level 1 in Dodging
  1885 | D:3      | Reached XP level 5. HP: 33/49 MP: 5/5
  1885 | D:3      | Reached XP level 6. HP: 38/56 MP: 6/6
  2054 | D:3      | Noticed Jessica
  2064 | D:3      | Killed Jessica
  2168 | D:3      | Noticed Natasha
  2179 | D:3      | Killed Natasha
  2457 | D:3      | Reached skill level 6 in Axes
  2507 | D:3      | Noticed Natasha
  2519 | D:3      | Killed Natasha
  2588 | D:3      | Found a runed translucent door.
  2589 | D:3      | Noticed Crazy Yiuf
  2599 | D:3      | Killed Crazy Yiuf
  2600 | D:3      | Reached XP level 7. HP: 21/62 MP: 6/6
  3111 | D:4      | Found a radiant altar of Vehumet.
  3264 | D:4      | Reached skill level 7 in Axes
  3277 | D:4      | Found a sparkling altar of Nemelex Xobeh.
  3372 | D:4      | Found a glowing drain.
  3386 | D:4      | Found a bloodstained altar of Trog.
  3414 | Sewer    | Entered a sewer
  3718 | Sewer    | Got a scorched chain mail
  3729 | Sewer    | Identified the cursed +0 chain mail of Autotheism {Int+3}
                  | (You found it in a sewer)
  4413 | D:5      | Entered Level 5 of the Dungeon
  4418 | D:5      | Noticed Pikel
  4425 | D:5      | Killed Pikel
  4426 | D:5      | Reached skill level 8 in Axes
  4426 | D:5      | Reached skill level 5 in Armour
  4426 | D:5      | Reached skill level 5 in Shields
  4426 | D:5      | Reached XP level 8. HP: 31/72 MP: 6/6
  4506 | D:5      | Found a staircase to the Ecumenical Temple.
  4518 | Temple   | Entered the Ecumenical Temple
  4552 | Temple   | Became a worshipper of Makhleb the Destroyer
  4690 | D:5      | Reached skill level 9 in Axes
  4751 | D:5      | Reached skill level 1 in Throwing
  4991 | D:5      | Found a broken altar of Ashenzari.
  4991 | D:5      | Found a white marble altar of Elyvilon.
  4993 | D:5      | Found an iron altar of Okawaru.
  5032 | D:5      | Found a basalt altar of Yredelemnul.
  5036 | D:5      | Found an ancient bone altar of Kikubaaqudgha.
  5106 | D:5      | Reached skill level 10 in Axes
  5106 | D:5      | Gained mutation: You passively map the area around you.
                  | [Deep Dwarf growth]
  5106 | D:5      | Reached XP level 9. HP: 24/78 MP: 6/6
  5579 | D:6      | Found Ninudoh's General Store.
  5631 | D:6      | Bought a scroll of identify for 28 gold pieces
  5715 | D:6      | Reached * piety under Makhleb
  6150 | D:6      | Killed from afar by an orc priest

Illustrated notes

Levels and vault maps discovered:
D:1:      eino_arrival_cavern_c, layout_loops_corners, hangedman_decor_riveting
D:2:      layout_basic, cheibriados_altar_1
D:3:      layout_loops_corners, wad_floor_pattern_untrapped,
          uniq_crazy_yiuf_cottage, uniq_grinder, uniq_jessica, uniq_natasha
D:4:      layout_layer_cave, old_standard_altar,
          nemelex_xobeh_ov_fountains_minmay, lemuel_doored_altar,
          gup_sewer_entry_glass, hex_medium, chequers_jeans
D:5:      layout_loops_corners, nicolae_overflow_hidden_temple,
          minmay_temple_entry_junction, grunt_ministairs_3,
          minmay_misc_feat_enclosed, guppyfry_early_lair_pool, uniq_pikel
D:6:      layout_loops_corners, lemuel_round_altar, serial_shops, shop_statue,
          hangedman_glass_teeth
Temple:   cyrus_temple_forest

Skill      XL: |  1  2  3  4  5  6  7  8 |
---------------+-------------------------+-----
Fighting       | 3 4 |  4.3
Axes           | 3 5 6 8 10 | 10.7
Armour         | 4 5 |  5.8
Dodging        | 1 2 3 |  3.4
Shields        | 4 5 |  5.6
Throwing       | 1 |  1.6
Evocations     | |  0.8

Action                   |  1- 3 |  4- 6 |  7- 9 || total
-------------------------+-------+-------+-------++-------
Melee: War axe           |    98 |   202 |   290 ||   590
       Battleaxe         |       |       |    39 ||    39
Throw: Dart              |       |    12 |    38 ||    50
       Stone             |       |       |     3 ||     3
 Abil: Heal Wounds       |       |     5 |     8 ||    13
Evoke: Wand              |       |       |     9 ||     9
  Use: Scroll            |       |       |     5 ||     5
Armor: Scale mail        |    53 |    65 |    96 ||   214
       Chain mail        |       |       |    73 ||    73
Dodge: Dodged            |    31 |    64 |   101 ||   196
Block: Kite shield       |    50 |    90 |   174 ||   314
